 Dungeon Crawl Stone Soup version 0.27-a0-1325-g58a489ad9e (webtiles) character file.

Game seed: 8352403379628208208

33 Snikeer the Chiller (level 3, -12/25 HPs)
             Began as a Gnoll Ice Elementalist on June 24, 2021.
             Splashed by Ijyb's acid (16 damage)
             ... on level 3 of the Dungeon.
             The game lasted 00:03:22 (1803 turns).

Snikeer the Chiller (Gnoll Ice Elementalist)        Turns: 1803, Time: 00:03:23

Health: -12/25     AC:  2    Str:  7    XL:     3   Next: 29%
Magic:  9/9        EV: 13    Int: 15    God:
Gold:   47         SH:  0    Dex: 12    Spells: 5/12 levels left

rFire    . . .     SeeInvis .   b - +0 hunting sling
rCold    + . .     Faith    .   (no shield)
rNeg     . . .     Spirit   .   c - +0 robe
rPois    .         Reflect  .   (no helmet)
rElec    .         Harm     .   (no cloak)
rCorr    .         Rampage  .   (no gloves)
Will     .....                  (no boots)
Stlth    ++........             (no amulet)
HPRegen  0.08/turn              g - ring of flight {+Fly, !d}
MPRegen  0.11/turn              C - ring of protection from cold {rC+, !d}

@: flying
A: fangs 1, strong nose, distributed training
a: no special abilities


You were on level 3 of the Dungeon.
You visited 1 branch of the dungeon, and saw 3 of its levels.

You collected 47 gold pieces.

Inventory:

Hand Weapons
 a - a +2 vampiric short sword
   (You took it off a kobold on level 1 of the Dungeon)
 b - a +0 hunting sling (weapon)
   (You took it off a goblin on level 2 of the Dungeon)
Missiles
 e - 45 arrows
 o - 13 sling bullets
 s - 58 stones (quivered ammo)
Armour
 c - a +0 robe (worn)
Jewellery
 f - a ring of fire {rF+, rC-}
   (You found it on level 1 of the Dungeon)
 g - a ring of flight (left hand) {+Fly, !d}
   (You found it on level 1 of the Dungeon)
 C - a ring of protection from cold (right hand) {rC+, !d}
   (You found it on level 1 of the Dungeon)
Scrolls
 k - a scroll of teleportation {unknown}
 l - 3 scrolls of identify {unknown}
 m - a scroll of acquirement {unknown}
 n - 2 scrolls of torment {unknown}
Potions
 d - a potion of lignification {unknown}
 h - a potion of flight {unknown}
 i - a potion of ambrosia {unknown}
 j - 4 potions of cancellation {unknown}


   Skills:
 + Level 0.7 Fighting
 + Level 0.7 Short Blades
 + Level 0.7 Long Blades
 + Level 0.7 Axes
 + Level 0.7 Maces & Flails
 + Level 0.7 Polearms
 + Level 0.7 Staves
 + Level 0.7 Slings
 + Level 0.7 Bows
 + Level 0.7 Crossbows
 + Level 0.7 Throwing
 + Level 0.7 Armour
 + Level 4.5 Dodging
 + Level 4.1 Stealth
 + Level 0.7 Shields
 + Level 0.7 Unarmed Combat
 + Level 5.0 Spellcasting
 + Level 0.5 Conjurations
 + Level 0.5 Hexes
 + Level 0.5 Summonings
 + Level 0.5 Necromancy
 + Level 0.5 Translocations
 + Level 0.5 Transmutations
 + Level 0.5 Fire Magic
 + Level 7.1 Ice Magic
 + Level 0.5 Air Magic
 + Level 0.5 Earth Magic
 + Level 0.5 Poison Magic
 + Level 0.9 Invocations
 + Level 0.7 Evocations


You had 5 spell levels left.
You knew the following spells:

 Your Spells              Type           Power      Damage    Failure   Level
a - Freeze                Ice            100%       1d11      1%          1
b - Frozen Ramparts       Ice            50%        1d7       2%          3
A - Ozocubu's Armour      Ice            25%        N/A       2%          3

Your spell library contained the following spells:

 Spells                   Type           Power      Damage    Failure   Level
 Hailstorm                Conj/Ice       15%        3d5       34%         4
 Metabolic Englaciation   Hex/Ice        7%         N/A       67%         5


Dungeon Overview and Level Annotations

Branches:
Dungeon (3/15)

Altars:

Shops:
D:1 =(

Annotations:
D:3 Ijyb


Innate Abilities, Weirdness & Mutations

You have very sharp teeth.
Your uncanny sense of smell can sniff out nearby items.
Your experience applies equally to all skills.


Message History

You puncture the goblin!
Your Spellcasting skill increases to level 5!
No target in view!
There is a stone staircase leading down, spattered with blood here.
j - 2 brown potions (gained 1)
Found an escape hatch in the ceiling.
You see here a +0 robe.
A quokka comes into view.
A quokka is nearby!
You hit the quokka.
No target in view!
No target in view!
k - a scroll labelled ANEMOSTUXI An endoplasm comes into view.
A goblin comes into view. It is wielding a +0 club.
A giant cockroach comes into view.
The goblin hits you with a +0 club.
You take 4 damage, and have 21/25 hp.
You hit the goblin.
The endoplasm quivers.
The goblin completely misses you.
The giant cockroach waves its antennae.
You hit the goblin but do no damage. The goblin barely misses you.
You puncture the goblin! The giant cockroach closely misses you.
The endoplasm barely misses you.
You hit the endoplasm.
You feel better. The giant cockroach barely misses you.
The endoplasm closely misses you. The giant cockroach barely misses you.
You hit the endoplasm. The giant cockroach misses you.
Casting: Freeze (safe; 1% risk of failure)
Confirm with . or Enter, or press ? or * to list all spells.
Aiming: Freeze (safe; 1% risk of failure)
Press: ? - help, Shift-Dir - straight line, f - giant cockroach
Aim: a giant cockroach You freeze the giant cockroach!
You now have 8/9 mp.
Magic restored.
HP restored.
Things that are here:
a +0 club; a goblin corpse; Health restored: 25; MP restored: 9
l - 2 scrolls labelled MALIQU MOUCS A goblin comes into view.
It is wielding a +0 dagger.
You hit the goblin.
No target in view!
No target in view!
A bat comes into view.
A bat is nearby!
A bat is nearby!
The helpless bat fails to defend itself.
You puncture the bat!
No target in view!
No target in view!
You now have 27 gold pieces (gained 7).
You now have 31 gold pieces (gained 4).
Found a stone staircase leading down.
You now have 47 gold pieces (gained 16).
Found an escape hatch in the floor.
m - a scroll labelled TUYWNIT WOO No target in view!
No target in view!
There is an escape hatch in the floor here.
l - 3 scrolls labelled MALIQU MOUCS (gained 1)
n - 2 scrolls labelled IGGIONN LAWU
j - 4 brown potions (gained 2)
o - 13 sling bullets
There is a stone staircase leading up here.
Done exploring.
Done exploring.
Done exploring.
Done exploring.
No target in view!
There is a stone staircase leading down, spattered with blood here.
You fly downwards.
Found a stone staircase leading up.
There is a stone staircase leading up here.
You fly upwards.
There is a stone staircase leading down, spattered with blood here.
You see here a +0 dagger.
There is a stone staircase leading down here.
You fly downwards.
There is a stone staircase leading up here.
Found a stone staircase leading down.
No target in view!
s - 61 stones (gained 13)
Found a faded altar of an unknown god.
Ijyb the Twisted Goblin comes into view.
She is wielding a +0 club, wearing a +3 ring mail of fire resistance and carrying a wand of acid (8).
Ijyb shouts!
You hear a shout!
Ijyb is nearby!
You feel the dreadful sensation subside.
b - a +0 hunting sling (weapon)
You shoot a stone. The stone hits Ijyb.
Ijyb zaps a wand.
The bolt of acid misses you.
You shoot a stone. The stone barely misses Ijyb.
A giant cockroach comes into view.
You shoot a stone. The stone hits Ijyb but does no damage.
Ijyb zaps a wand.
The bolt of acid hits you!!
Ouch! That really hurt!
* * * LOW HITPOINT WARNING * * *
You are splashed with acid!
Ouch! That really hurt!
You die...

.. #B#.
.(... .g...
##### ....
....# #!.#
.<..#####
♣♣♣...#
.........
♣♣.@♣ .<..#
♣♣..♣♣ ∆
....# ♣...♣
♣♣♣ #####
♣..♣♣♣♣....
♣8......♣
♣_..⌠.♣♣♣
♣8.....♣
♣..♣♣♣♣.♣
♣♣.♣♣ ..


You could see Ijyb and a giant cockroach.

Vanquished Creatures
  3 bats
  3 endoplasms
  A giant cockroach (D:2)
  3 hobgoblins (D:1)
  2 jackals (D:1)
  2 quokkas
  4 ball pythons
  A frilled lizard (D:2)
  6 goblins
  2 kobolds (D:1)
  4 rats
31 creatures vanquished.

Notes
Turn   | Place    | Note
-------+----------+-------------------------------------------
     0 | D:1      | Snikeer the Gnoll Ice Elementalist began the quest for the
                  | Orb.
     0 | D:1      | Reached XP level 1. HP: 13/13 MP: 6/6
   128 | D:1      | You fall into a shaft and drop 1 floor!
   164 | D:2      | Reached XP level 2. HP: 16/19 MP: 5/7
   440 | D:1      | Found Bytydef's Jewellery Emporium.
   616 | D:1      | Found Umeot's Antique Weapon Emporium.
   752 | D:1      | Noticed a centaur
   857 | D:1      | Reached XP level 3. HP: 25/25 MP: 9/9
   880 | D:1      | Learned a level 3 spell: Frozen Ramparts
   884 | D:1      | Learned a level 3 spell: Ozocubu's Armour
  1054 | D:2      | Reached skill level 5 in Spellcasting
  1783 | D:3      | Found a faded altar of an unknown god.
  1799 | D:3      | Noticed Ijyb
  1803 | D:3      | HP: 4/25 [Ijyb/bolt of acid (21)]
  1803 | D:3      | Splashed by Ijyb's acid

Illustrated notes

Levels and vault maps discovered:
D:1:      evilmike_arrival_come_back, layout_rooms, serial_shops, shop,
          nicolae_shop_statue_plus, serial_bayou_crossing
D:2:      layout_basic
D:3:      layout_loops_cross, nicolae_overflow_crystal_walls,
          shapermc_ecumenical_altar_totnotflames, uniq_ijyb, uniq_grinder

Skill      XL: |  1  2  3 |
---------------+----------+-----
Spellcasting   | 5 |  5.0
Fighting       | |  0.7
Short Blades   | |  0.7
Long Blades    | |  0.7
Axes           | |  0.7
Maces & Flails | |  0.7
Polearms       | |  0.7
Staves         | |  0.7
Slings         | |  0.7
Bows           | |  0.7
Crossbows      | |  0.7
Throwing       | |  0.7
Armour         | |  0.7
Dodging        | |  4.5
Stealth        | |  4.1
Shields        | |  0.7
Unarmed Combat | |  0.7
Conjurations   | |  0.5
Hexes          | |  0.5
Summonings     | |  0.5
Necromancy     | |  0.5
Translocations | |  0.5
Transmutations | |  0.5
Fire Magic     | |  0.5
Ice Magic      | |  7.1
Air Magic      | |  0.5
Earth Magic    | |  0.5
Poison Magic   | |  0.5
Invocations    | |  0.9
Evocations     | |  0.7

Action                   || total
-------------------------++-------
Melee: Unarmed           ||     3
       Whip              ||     3
       Short sword       ||    10
 Fire: Hunting sling     ||    25
 Cast: Freeze            ||    21
 Stab: Sleeping          ||     2
Armor: Robe              ||     1
Dodge: Dodged            ||    43

Table legend: (Time is in decaauts)
 A = Elapsed time spent in this place.
 B = Non-inter-level travel time spent in this place.
 C = Inter-level travel time spent in this place.
 D = Time resting spent in this place.
 E = Time spent auto-exploring this place.
 F = Levels seen in this place.
 G = Mean time per level.
                   A        B        C        D        E       F      G
               +--------+--------+--------+--------+--------+-----+--------+
         Total |   1809 |   1643 |    166 |      0 |   1403 |   3 |  603.0 |
       Dungeon |   1809 |   1643 |    166 |      0 |   1403 |   3 |  603.0 |
               +--------+--------+--------+--------+--------+-----+--------+

Top non-repeatable levels by time:
     D:1: 932 daAuts
     D:2: 837 daAuts
     D:3: 39 daAuts

Table legend:
 A = Kills in this place as a percentage of kills in entire the game.
 B = Kills by you in this place as a percentage of kills by you in the entire game.
 C = Kills by friends in this place as a percentage of kills by friends in the entire game.
 D = Other kills in this place as a percentage of other kills in the entire game.
 E = Experience gained in this place as a percentage of experience gained in the entire game.
 F = Experience gained in this place divided by the number of levels of this place that you have seen.
                   A       B       C       D       E      F
               +-------+-------+-------+-------+-------+----------------------
         Total | 100.0 | 100.0 |   N/A |   N/A | 100.0 |  16.0
       Dungeon | 100.0 | 100.0 |   N/A |   N/A | 100.0 |  16.0
               +-------+-------+-------+-------+-------+----------------------
